Celery, neutral female gnomish Tourist -------- --- ----- --..--..-- -[- |.|.-- ----|........-- . |.'..----------..|--.--.....| -. --f.........|....-------...-- . ----.--------...|...|--|...-.|--- -. -.......| |...|--.|..|.--..--.--|.| --.....-- ----- |......||......||.| |..... --....----.....-|.| --.|.. --..-- |......|.| . --- ---- --......|.| - |.....))..| - |...|...<)| . |..---.--.|.- --...----|...| |.....|---..-- --...-||....- |....--.---. --......| - ---.---- --- Celery the Excursionist Experience level: 8 Strength: 16 Dexterity: 13 Constitution: 17 Intelligence: 14 Wisdom: 12 Charisma: 19 Health: 0(68) Energy: 45(45) Def: 11 Gold: 0 Moves: 8703 Dungeon seed: AD6tNU1nuq7FoUH2 Game ID: Celery_1467761330 Your Inventory: Amulets g - a blessed amulet of reflection (being worn) Y - a blessed amulet of magical breathing Weapons a - 35 uncursed +2 darts (in quiver) i - an uncursed +0 silver saber (weapon in hand) Armor e - a blessed +2 Hawaiian shirt (being worn) o - an uncursed +0 small shield (being worn) q - an uncursed +1 helmet (being worn) G - an uncursed +0 mummy wrapping O - an uncursed +0 elven mithril-coat (being worn) V - an uncursed +1 pair of leather gloves (being worn) Comestibles b - 6 uncursed food rations c - 4 uncursed tripe rations Q - an uncursed lizard corpse Rings d - an uncursed ring of poison resistance B - an uncursed ring of conflict Z - an uncursed ring of protection from shape changers Wands k - an uncursed wand of digging (0:4) l - an uncursed wand of secret door detection (0:1) x - an uncursed wand of striking (0:5) F - a cursed wand of light (0:10) J - an uncursed wand of make invisible (0:4) M - an uncursed wand of fire (0:6) N - an uncursed wand of speed monster (0:1) T - an uncursed wand of locking (0:3) W - an uncursed wand of teleportation (0:7) Tools f - an uncursed skeleton key h - an uncursed +0 unicorn horn j - an uncursed expensive camera (0:46) m - an uncursed tin opener s - an uncursed bag of holding P - an uncursed blindfold R - an uncursed tin whistle U - a blessed oil lamp (0:1426) Gems n - an uncursed worthless piece of blue glass r - an uncursed garnet stone u - 2 uncursed worthless pieces of violet glass w - an uncursed worthless piece of orange glass y - 3 uncursed worthless pieces of black glass z - an uncursed amber stone A - 3 uncursed worthless pieces of yellow glass I - an uncursed worthless piece of white glass X - an uncursed worthless piece of red glass Contents of the bag of holding: 387 gold pieces a cursed scroll of charging an uncursed scroll of confuse monster an uncursed scroll of earth an uncursed scroll of gold detection 4 uncursed scrolls of magic mapping an uncursed scroll of scare monster an uncursed scroll of taming 2 uncursed scrolls of teleportation an uncursed spellbook of jumping an uncursed spellbook of light an uncursed potion of healing an uncursed potion of object detection an uncursed potion of restore ability an uncursed potion of see invisible an uncursed potion of sleeping Spells and supernatural/magical abilities: Name Level Category Fail Memory j - jumping 1 escape 100% 99% l - light 1 divination 100% 92% z - sleep 1 enchantment 100% 63% E - detect food 2 divination 100% 75% R - restore ability 4 healing 100% 63% W - pray for help -- divine ? -- Your skills at the end: Miscellaneous Skills wands [Basic] Weapon Skills club [Skilled] dart [Expert] Spellcasting Skills Final Attributes: You were devoutly aligned. You were sleep resistant. You were telepathic. You had infravision. You were invisible. You were fast. You had reflection. You are dead. Vanquished creatures: a watch captain 3 giant mimics a pyrolisk a tengu a gelatinous cube a chameleon a python 2 watchmen 45 leprechauns a lizard 2 giant spiders 2 dingos a jaguar a blue jelly a white unicorn a dust vortex a gnome mummy a snake 2 imps a baby crocodile 2 wood nymphs 2 rock moles a fog cloud 2 red naga hatchlings a golden naga hatchling a guardian naga hatchling 3 gray oozes a barrow wight an elf zombie 2 ghouls 4 giant ants 6 floating eyes 2 kittens 2 dwarves 3 homunculi 2 kobold lords an iguana 5 hill orcs 3 rothes 2 giant bats 4 orc zombies 2 dwarf zombies a wererat a werejackal 2 killer bees a gas spore 6 hobbits an acid blob a large kobold 6 geckos 3 giant rats 2 cave spiders 2 brown molds 2 yellow molds a green mold a gnome 10 garter snakes 2 gnome zombies 10 jackals 5 foxes 2 kobolds 8 newts 4 goblins 11 sewer rats 14 grid bugs 9 lichens 8 kobold zombies 235 creatures vanquished. Voluntary challenges: You had been an atheist until turn 3576. You used a wielded weapon 208 times, starting on turn 402. You did not apply a unicorn horn. You read items or engraved 44 times, starting on turn 979. You never genocided any monsters. You never polymorphed an object. You never changed form. You cheated 1 time but completed Sokoban on turn 6055. You used no wishes. You never split a pudding. You never wrote Elbereth's name. You violated your moral code, losing 2 points of alignment, starting on turn 3527. Dungeon overview: The Dungeons of Doom: levels 1 to 6 Level 1 some fountains a long staircase Level 2 some fountains Level 3 a fountain Level 4 stairs to The Gnomish Mines Level 5 many fountains Level 6 stairs to Sokoban The Gnomish Mines: levels 5 to 9 Level 5 stairs to The Dungeons of Doom Level 6 Level 7 many shops, a temple to Blind Io, a magic chest, some fountains Level 8 Level 9 <- You were here Sokoban: levels 2 to 5 Level 2 a magic chest Level 3 a sink Level 4 Level 5 a magic chest stairs to The Dungeons of Doom History has recorded: On T:1 you entered the Dungeons of Doom to retrieve the Amulet of Yendor! On T:320 you reached level 2 of The Dungeons of Doom. On T:323 you reached level 3 of The Dungeons of Doom. On T:713 you advanced to experience level 2. On T:1223 you reached level 4 of The Dungeons of Doom. On T:1476 you advanced to experience level 3. On T:1738 you reached level 5 of The Dungeons of Doom. On T:1828 you advanced to experience level 4. On T:1830 you received advice from The Oracle. On T:1830 you advanced to experience level 5. On T:2281 you reached level 6 of The Dungeons of Doom. On T:2517 you advanced to experience level 6. On T:2823 you advanced to experience level 7. On T:3615 you reached level 4 of Sokoban. On T:3689 you opened a magic chest. On T:3690 you opened a magic chest. On T:3705 you opened a magic chest. On T:3706 you opened a magic chest. On T:3707 you opened a magic chest. On T:3729 you opened a magic chest. On T:3931 you reached level 3 of Sokoban. On T:4648 you reached level 2 of Sokoban. On T:5234 you reached level 1 of Sokoban. On T:5385 you advanced to experience level 8. On T:6055 you entered the Sokoban zoo. On T:6123 you opened a magic chest. On T:6136 you opened a magic chest. On T:6138 you opened a magic chest. On T:6248 you opened a magic chest. On T:6413 you opened a magic chest. On T:6665 you reached level 1 of The Gnomish Mines. On T:6984 you reached level 2 of The Gnomish Mines. On T:7353 you reached level 3 of The Gnomish Mines. On T:7541 you entered the Minetown temple On T:7913 you opened a magic chest. On T:8069 you opened a magic chest. On T:8162 you reached level 4 of The Gnomish Mines. On T:8259 you reached level 5 of The Gnomish Mines. Score breakdown: Gold: 0 ( 0 points) Experience: 8 levels ( 700 points) Exploration: 9 levels ( 240 points) Discoveries: 29 items ( 1450 points) Variety of kills: 67 monsters ( 2000 points) Major goal: finished Sokoban ( 1000 points) Survival: died (score multiplied by 3) Total score: 16170 Latest messages: You hear some noises. You displace Taco. The wolf bites! You displace Taco. You start equipping your small shield. You are empty handed. You are now holding a small shield. You are now wielding your silver saber. You are now wearing a ring called conflict. Taco bites the glass golem. The glass golem claws Taco. (2x) Taco misses the glass golem. (2x) Taco bites the glass golem. The glass golem claws Taco. The glass golem misses Taco. You take off your ring called conflict. You miss the glass golem. The glass golem bumps right into you! You miss the glass golem. (2x) The glass golem claws you! (2x) You die... Final status: Aloha Celery the Tourist, killed by a glass golem... You died in The Gnomish Mines on dungeon level 9 with 16170 points, and 387 pieces of gold, after 8703 moves. You were level 8 with a maximum of 68 hit points when you died.